 Dungeon Crawl Stone Soup version 0.24.0-13-gcf9b319 (webtiles) character file.

Game seed: 9536540126081242345, levelgen mode: deterministic

3473 Balder the Blocker (level 9, -1/78 HPs)
             Began as a Minotaur Fighter on Nov 10, 2019.
             Was an Initiate of Okawaru.
             Slain by Gastronok (18 damage)
             ... on level 8 of the Dungeon on Nov 11, 2019.
             The game lasted 00:35:52 (6767 turns).

Balder the Blocker (Minotaur Fighter)               Turns: 6767, Time: 00:35:53

Health: -1/78      AC: 12    Str: 22    XL:     9   Next: 79%
Magic:  8/8        EV: 11    Int:  5    God:    Okawaru [......]
Gold:   145        SH: 16    Dex: 15    Spells: 8/8 levels left

rFire    . . .     SeeInvis .   b - +1 trident (venom)
rCold    . . .     Gourm    .   c - +0 shield
rNeg     . . .     Faith    .   w - +0 scale mail
rPois    +         Spirit   .   (helmet restricted)
rElec    .         Reflect  +   F - +0 cloak {rPois}
rCorr    .         Harm     .   d - +2 pair of gloves {Dex+3}
MR       .....                  (no boots)
Stlth    ..........             t - +4 amulet of reflection
HPRegen  0.23/turn              l - +3 ring of slaying
MPRegen  0.11/turn              (no ring)

@: no status effects
A: retaliatory headbutt, horns 2
a: Renounce Religion


You were on level 8 of the Dungeon.
You worshipped Okawaru.
Okawaru was noncommittal.
You were not hungry.

You visited 2 branches of the dungeon, and saw 9 of its levels.

You collected 321 gold pieces.
You spent 176 gold pieces at shops.

Inventory:

Hand Weapons
 a - a +0 flail
 b - a +1 trident of venom (weapon)
 E - a +4 quarterstaff of chaos
 G - a +3 hunting sling of flaming
Missiles
 i - 65 sling bullets
 r - 13 boomerangs (quivered)
 y - 9 poisoned darts
Armour
 c - a +0 shield (worn)
 d - a +2 pair of gloves of dexterity (worn)
 w - a +0 scale mail (worn)
 z - a scarf of repulsion
 F - a +0 cloak of poison resistance (worn)
Jewellery
 l - a +3 ring of slaying (left hand)
 t - a +4 amulet of reflection (around neck)
Wands
 g - a wand of acid (8)
 j - a wand of digging (3)
Scrolls
 e - 10 scrolls of identify
 h - a scroll of immolation {unknown}
 m - 2 scrolls of amnesia {unknown}
 n - 3 scrolls of teleportation
 p - 2 scrolls of remove curse
 s - a scroll of random uselessness {unknown}
 A - a scroll of enchant weapon {unknown}
Potions
 k - a potion of flight {unknown}
 o - 2 potions of heal wounds {unknown}
 q - 3 potions of curing {unknown}
 u - a potion of agility {unknown}
 v - 2 potions of lignification {unknown}
 x - 3 potions of haste {unknown}
 B - a potion of cancellation {unknown}
 D - a potion of brilliance {unknown}
Comestibles
 f - 18 rations


   Skills:
 * Level 6.5 Fighting
 * Level 7.4 Maces & Flails
 * Level 7.3 Polearms
 * Level 0.6(3.0) Slings
 - Level 4.3 Throwing
 * Level 7.0 Armour
 * Level 4.0 Dodging
 + Level 0.2 Stealth
 * Level 8.4 Shields
 * Level 0.5 Invocations


You had 8 spell levels left.
You didn't know any spells.
Your spell library contained the following spells:

 Spells                   Type           Power        Failure   Level  Hunger
 Beastly Appendage        Tmut           #.....       96%         1    ##.....
 Summon Small Mammal      Summ           #...         96%         1    ##.....
 Call Imp                 Summ           #.......     99%         2    ###....
 Sticks to Snakes         Tmut           #.......     99%         2    ###....
 Call Canine Familiar     Summ           #.......     100%        3    ####...
 Spider Form              Tmut/Pois      #.........   100%        3    ####...
 Summon Guardian Golem    Hex/Summ       #.......     100%        3    ####...
 Ice Form                 Ice/Tmut       #.......     100%        4    #####..
 Summon Ice Beast         Ice/Summ       #.......     100%        4    #####..
 Summon Lightning Spire   Summ/Air       #.......     100%        4    #####..
 Blade Hands              Tmut           #.........   100%        5    ######.


Dungeon Overview and Level Annotations

Branches:
Dungeon (8/15)             Temple (1/1) D:7
   Lair: D:8-11

Altars:
Ashenzari
Elyvilon
Fedhas
Gozag
Hepliaklqana
Kikubaaqudgha
Makhleb
Nemelex Xobeh
Okawaru
Qazlal
Ru
Sif Muna
Trog
Uskayaw
Wu Jian
Xom
Yredelemnul
The Shining One

Shops:
D:4 [

Annotations:
D:3 2 transporters, Steadysplat's ghost, amateur NaFi
D:8 Gastronok


Innate Abilities, Weirdness & Mutations

You reflexively headbutt those who attack you in melee.
You have a pair of horns on your head.


Message History

You hit Gastronok.
Gastronok looks as sick as possible!
Gastronok is moderately wounded.
You hit Gastronok. You headbutt Gastronok.
Gastronok is moderately wounded.
Gastronok's eyestalks quiver as he mumbles some strange words.
You puncture Gastronok!
Gastronok looks as sick as possible!
Gastronok is moderately wounded.
You hit Gastronok.
Gastronok looks as sick as possible!
You headbutt Gastronok.
Gastronok is heavily wounded.
You block the bat's attack.
Gastronok mumbles some strange words.
Your skin takes on a slight green cast.
You hit Gastronok. You headbutt Gastronok!
Gastronok is heavily wounded.
You block the bat's attack. You block the rat's attack.
You puncture Gastronok!
Gastronok looks as sick as possible!
You headbutt Gastronok.
Gastronok is severely wounded.
You block the bat's attack. You block the rat's attack. Gastronok bites you!!
You die...

###.. ##....#
## ......#
##. .......
##.. .......
#...##.......
#...........
#rwb......
#@r.......
####......
...... .....
..... ...#
..>#


You could see Gastronok, a bat and 2 rats.

Vanquished Creatures
  A two-headed ogre (D:7)
  Joseph (D:7)
  Sigmund (D:2)
  A wyvern (D:8)
  Duvessa (D:4)
  2 ice beasts
  A sky beast (D:5)
  A necrophage (D:5)
  A phantom (D:4)
  A bullfrog (D:7)
  Dowan (D:4)
  A scorpion (D:8)
  A killer bee (D:8)
  2 crimson imps (D:7)
  3 hounds
  A jelly (D:6)
  5 orc priests
  2 quasits (D:6)
  A bullfrog skeleton (D:7)
  Crazy Yiuf (D:7)
  Jessica (D:2)
  Natasha (thrice) (D:2)
  A gnoll shaman (D:4)
  7 orc wizards
  2 iguanas (D:7)
  5 worker ants
  A killer bee zombie (D:6)
  A howler monkey zombie (D:7)
  A worker ant zombie (D:3)
  Robin (D:3)
  7 gnolls
  6 adders
  3 shadow imps
  3 oozes
  2 adder skeletons
  4 worms
  A dart slug (D:1)
  2 leopard geckos
  21 orcs
  15 bats
  6 giant cockroaches
  20 goblins
  9 hobgoblins
  6 jackals
  8 kobolds
  3 quokkas
  2 ball pythons
  4 frilled lizards
  A leopard gecko zombie (D:5)
  A quokka zombie (D:6)
  3 rats
179 creatures vanquished.

Vanquished Creatures (others)
  2 centaurs (D:5)
  An orc (D:4)
  A goblin (D:3)
  A kobold (D:3)
5 creatures vanquished.

Grand Total: 184 creatures vanquished

Notes
Turn   | Place    | Note
-------+----------+-------------------------------------------
     0 | D:1      | Balder the Minotaur Fighter began the quest for the Orb.
     0 | D:1      | Reached XP level 1. HP: 19/19 MP: 0/0
   261 | D:1      | Reached XP level 2. HP: 27/27 MP: 1/1
   319 | D:1      | Reached skill level 4 in Shields
   644 | D:1      | Reached XP level 3. HP: 33/33 MP: 2/2
   764 | D:2      | Noticed Sigmund
   776 | D:2      | HP: 1/33 [Sigmund/puff of flame (10)]
   777 | D:2      | Killed Sigmund
   777 | D:2      | Reached skill level 1 in Throwing
   777 | D:2      | Reached skill level 1 in Dodging
   777 | D:2      | Reached XP level 4. HP: 1/41 MP: 3/3
   777 | D:2      | Reached XP level 5. HP: 1/47 MP: 4/4
  1219 | D:2      | Noticed Natasha
  1225 | D:2      | Killed Natasha
  1304 | D:2      | Noticed Jessica
  1315 | D:2      | Killed Jessica
  1769 | D:2      | Noticed Natasha
  1777 | D:2      | Killed Natasha
  1777 | D:2      | Reached XP level 6. HP: 43/53 MP: 5/5
  1781 | D:2      | Found a bloodstained altar of Trog.
  1930 | D:2      | Noticed Natasha
  1949 | D:2      | Killed Natasha
  2129 | D:3      | Reached skill level 5 in Maces & Flails
  2131 | D:3      | Reached skill level 5 in Armour
  2464 | D:3      | Noticed Steadysplat's ghost (amateur NaFi)
  2465 | D:3      | Found a transporter.
  2468 | D:3      | Found a transporter.
  2642 | D:3      | Noticed Robin
  2663 | D:3      | Killed Robin
  2738 | D:3      | Reached skill level 5 in Shields
  3252 | D:4      | Noticed Duvessa
  3265 | D:4      | Noticed Dowan
  3279 | D:3      | Reached XP level 7. HP: 49/60 MP: 6/6
  3339 | D:4      | Killed Duvessa
  3339 | D:4      | Reached skill level 5 in Fighting
  3374 | D:4      | Killed Dowan
  3624 | D:4      | Reached skill level 1 in Polearms
  4139 | D:4      | Found Reffydach's Antique Armour Emporium.
  4151 | D:4      | Bought a runed scarf for 176 gold pieces
  4272 | D:5      | Entered Level 5 of the Dungeon
  4333 | D:5      | Reached XP level 8. HP: 67/68 MP: 7/7
  4365 | D:5      | Reached skill level 6 in Shields
  4521 | D:5      | Found a sacrificial altar of Ru.
  5471 | D:6      | Found a bloodstained altar of Trog.
  5601 | D:6      | Reached skill level 5 in Polearms
  5665 | D:6      | Reached skill level 7 in Shields
  5979 | D:7      | Reached XP level 9. HP: 75/75 MP: 8/8
  6043 | D:7      | Found a shattered altar of Ashenzari.
  6044 | D:7      | Noticed a two-headed ogre
  6060 | D:7      | Killed a two-headed ogre
  6235 | D:7      | Found a runed translucent door.
  6236 | D:7      | Noticed Crazy Yiuf
  6243 | D:7      | Killed Crazy Yiuf
  6339 | D:7      | Found a basalt altar of Yredelemnul.
  6347 | D:7      | Noticed Joseph
  6359 | D:7      | Killed Joseph
  6359 | D:7      | Reached skill level 8 in Shields
  6440 | D:7      | Found a staircase to the Ecumenical Temple.
  6453 | Temple   | Entered the Ecumenical Temple
  6462 | Temple   | Became a worshipper of Warmaster Okawaru
  6743 | D:8      | Noticed Gastronok
  6767 | D:8      | Slain by Gastronok

Levels and vault maps discovered:
D:1:      erik_arrival_gehennom, layout_basic, minmay_tetromino_s2
D:2:      layout_basic, trog_butcher_becter, uniq_natasha, uniq_sigmund,
          uniq_jessica
D:3:      minmay_recursive_quarters, layout_basic, gammafunk_ghost_arena,
          first_ration, ebering_dispersal_statue_hall,
          kennysheep_cross_bottleneck, hangedman_decor_push, st_stairs_10,
          kennysheep_minor_cross, uniq_robin
D:4:      wad_pebble_path, layout_basic, serial_shops, kennysheep_mini_moat,
          nrook_mini_vaults, grunt_decor_one_mirror, corner_web_ring,
          chequers_decorated_corner, uniq_duvessa
D:5:      layout_loops_corners, st_stairs_6, nicolae_ru_sacrificial_ziggurat
D:6:      layout_rooms, trog_hazing_becter
D:7:      layout_basic, kennysheep_little_box, minmay_temple_entry_sparse_star,
          cheibrodos_ashenzari_chains, uniq_joseph, uniq_crazy_yiuf_cottage
D:8:      layout_cave_pools, uniq_harold, uniq_gastronok, uniq_maurice,
          uniq_pikel
Temple:   dpeg_three_leaves_temple

Skill      XL: |  1  2  3  4  5  6  7  8  9 |
---------------+----------------------------+-----
Shields        | 4 5 7 8 |  8.4
Fighting       | 4 5 6 |  6.5
Maces & Flails | 4 5 6 7 |  7.4
Armour         | 4 5 6 7 |  7.0
Throwing       | 1 2 3 4 |  4.3
Dodging        | 1 2 3 4 |  4.0
Polearms       | 1 5 7 |  7.3
Slings         | |  0.6
Stealth        | |  0.2
Invocations    | |  0.5

Action                   |  1- 3 |  4- 6 |  7- 9 || total
-------------------------+-------+-------+-------++-------
Melee: Flail             |    59 |   145 |    25 ||   229
       Headbutt          |     6 |    23 |    54 ||    83
       Trident           |       |       |   243 ||   243
Throw: Dart              |       |     6 |       ||     6
       Boomerang         |       |       |    17 ||    17
Evoke: Wand              |       |     1 |       ||     1
  Use: Potion            |     1 |       |       ||     1
       Scroll            |       |     3 |     4 ||     7
  Eat: Chunk             |       |     7 |     6 ||    13
       Ration            |       |     1 |     1 ||     2
Armor: Scale mail        |    22 |    58 |    79 ||   159
Dodge: Dodged            |    21 |    47 |    78 ||   146
       Deflected         |       |       |     8 ||     8
Block: Shield            |    26 |    90 |   219 ||   335
       Reflection        |       |     7 |    24 ||    31
